AoeStats
← REEE JUEGUITO

Arena

508974860Analyzed
1v1 RM · 8d ago on Sep 24, 2026· 25m 13s· 2 players
Game mode
Random Map
Map size
Tiny (2 player)
Population
200
Speed
Normal
Resources
Standard
Victory
Conquest
Starting age
Dark Age
Ending age
Imperial Age
RankedLock teamsTeams togetherTeam positionsShared explorationLock speedFull tech treeHidden civsTurbo modeCheats
Victory
Defeat
🇦🇷 Bulgarians · Argentina
1437
+17
🇺🇸 Bengalis · United States
1469
-17
REEE JUEGUITO
2:42 Loom
9:57 Feudal Age
8:12 Loom
14:56 Castle Age
13:25 Fletching
14:18 Town Watch
15:51 Bodkin Arrow
Chef Cheo
10:17 Feudal Age
14:29 Castle Age
12:48 Double-Bit Axe
13:02 Loom
Connection lost

Rejoining the realm…

Still unreachable

The connection could not be restored.

Session expired

The server has moved on; the page needs a fresh start.